 Dungeon Crawl Stone Soup version 0.21.0-25-ge575cb9 (webtiles) character file.

703 troglodite the Slasher (level 7, -1/53 HPs)
             Began as a Formicid Skald on Jan 24, 2018.
             Was a Follower of Cheibriados.
             Slain by an ogre
             ... wielding a +0 giant club
              (22 damage)
             ... on level 4 of the Dungeon.
             The game lasted 00:15:29 (5160 turns).

troglodite the Slasher (Formicid Skald)             Turns: 5160, Time: 00:15:30

Health: -1/53      AC:  8    Str: 21    XL:     7   Next: 99%
Magic:  7/12       EV: 12    Int: 17    God:    Cheibriados [*.....]
Gold:   120        SH:  0    Dex: 13    Spells: 6/13 levels left

rFire    . . .     SeeInvis +   a - +0 falchion
rCold    . . .     Gourm    .   (no shield)
rNeg     . . .     Faith    .   o - +0 ring mail
rPois    .         Spirit   .   (helmet unavailable)
rElec    .         Reflect  .   p - +0 cloak
rCorr    +         Harm     .   (no gloves)
MR       .....                  (no boots)
Stlth    +.........             (no amulet)
HPRegen  0.17/turn              s - ring of resist corrosion
MPRegen  0.13/turn              (no ring)

@: very slow
A: permanent stasis, dig shafts and tunnels, four strong arms, antennae 3, icy
blue scales 1, strong 1
a: Dig, Shaft Self, Bend Time, Renounce Religion


You were on level 4 of the Dungeon.
You worshipped Cheibriados.
Cheibriados was aware of your devotion.
You were hungry.

You visited 1 branch of the dungeon, and saw 4 of its levels.

You collected 120 gold pieces.

Inventory:

Hand Weapons
 a - a +0 falchion (weapon)
Armour
 o - a +0 ring mail (worn)
 p - a +0 cloak (worn)
Jewellery
 s - a ring of resist corrosion (left hand)
Scrolls
 e - 2 scrolls of remove curse {unknown}
 f - a scroll of noise {unknown}
 g - 4 scrolls of teleportation {unknown}
 h - 5 scrolls of identify {unknown}
 i - a scroll of enchant weapon {unknown}
 k - a scroll of magic mapping {unknown}
 l - 2 scrolls of immolation {unknown}
 m - a scroll of blinking {unknown}
 n - 4 scrolls of enchant armour {unknown}
 r - a scroll of fog {unknown}
Potions
 j - a potion of lignification
 q - a potion of berserk rage {unknown}
Books
 c - a book of Battle

   Spells                             Type                      Level
   a - Infusion                       Charms                       1
   b - Shroud of Golubria             Charms/Translocation         2
   c - Song of Slaying                Charms                       2
   d - Spectral Weapon                Hexes/Charms                 3
   e - Regeneration                   Charms/Necromancy            3
Comestibles
 d - 6 rations


   Skills:
 * Level 3.8 Fighting
 + Level 4.1 Long Blades
 * Level 3.4 Armour
 + Level 2.7 Dodging
 + Level 0.9 Stealth
 * Level 3.5 Spellcasting
 * Level 2.6 Hexes
 * Level 4.0 Charms
 * Level 1.9 Necromancy


You had 6 spell levels left.
You knew the following spells:

 Your Spells              Type           Power        Failure   Level  Hunger
a - Infusion              Chrm           ###.         4%          1    None
b - Spectral Weapon       Hex/Chrm       ##......     21%         3    ###....
c - Regeneration          Chrm/Necr      ##........   24%         3    ###....


Dungeon Overview and Level Annotations

Branches:
Dungeon (4/15)
 Temple: D:4-7

Altars:
Cheibriados
Fedhas
Nemelex Xobeh
Wu Jian
The Shining One


Innate Abilities, Weirdness & Mutations

You cannot be hasted, slowed, berserked, paralysed or teleported.
You can dig through walls and to a lower floor.
Your four strong arms can wield two-handed weapons with a shield.
You have a pair of large antennae on your head. (SInv)
You are partially covered in icy blue scales. (AC +2)
Your muscles are strong. (Str +2)


Message History

The worm bites you.
The ogre hits your spectral weapon with a giant club!!
Your spectral weapon shares its damage with you!
Your spectral weapon fades away.
You hit the worm.
The worm is severely wounded.
The leopard gecko bites you.
Casting: Spectral Weapon
Confirm with . or Enter, or press ? or * to list all spells.
You draw out your weapon's spirit!
The leopard gecko barely misses you. The worm barely misses you.
You riposte.
You slash the worm!
You kill the worm!
The leopard gecko bites you. The ogre barely misses you.
The leopard gecko bites you but does no damage.
Things that are here:
a giant spiked club; a worm corpse; an ogre corpse You slash the ogre!
The ogre is moderately wounded.
Your spectral weapon hits the ogre.
The ogre hits you with a giant club!!
You die...

##.....#
##..#...##
##..##....#
#..####...##
##.## ##...#
##..# #...##
##..## ##[..#
##..## #...###
#l@## ##...##
.......O(#
#...##
...........
##...#
.............
#....
.............#
##...
.............#
#...
.............#
##...
............##
#.... .......


You could see an ogre, a leopard gecko and a friendly spectral falchion.

Vanquished Creatures
  Sigmund (D:2)
  An ogre (D:4)
  2 hounds (D:4)
  2 orc wizards
  An orc priest (D:2)
  A bullfrog skeleton (D:4)
  Jessica (D:2)
  3 worker ants (D:4)
  A howler monkey zombie (D:4)
  6 adders
  5 worms
  A dart slug (D:3)
  3 leopard geckos
  18 orcs
  4 ball pythons
  2 giant cockroaches (D:1)
  9 hobgoblins
  7 jackals
  3 quokkas
  11 bats
  4 frilled lizards
  2 goblins (D:1)
  8 kobolds
  5 rats
101 creatures vanquished.

Vanquished Creatures (others)
  2 spectral weapons
2 creatures vanquished.

Grand Total: 103 creatures vanquished

Notes
Turn   | Place    | Note
-------+----------+-------------------------------------------
     0 | D:1      | troglodite the Formicid Skald began the quest for the Orb.
     0 | D:1      | Reached XP level 1. HP: 16/16 MP: 3/3
   197 | D:1      | Reached XP level 2. HP: 23/23 MP: 5/5
   533 | D:1      | Reached XP level 3. HP: 24/28 MP: 6/6
   551 | D:1      | Learned a level 3 spell: Spectral Weapon
   721 | D:1      | You fall through a shaft!
   787 | D:2      | Found an ornate altar of the Wu Jian Council.
  1051 | D:2      | Reached skill level 1 in Hexes
  1051 | D:2      | Reached XP level 4. HP: 23/34 MP: 3/7
  1055 | D:2      | Reached XP level 5. HP: 18/39 MP: 4/8
  1327 | D:2      | Noticed Sigmund
  1343 | D:2      | Killed Sigmund
  1343 | D:2      | Reached XP level 6. HP: 14/47 MP: 7/10
  1575 | D:2      | Found a sparkling altar of Nemelex Xobeh.
  1697 | D:2      | Noticed Jessica
  1710 | D:2      | Killed Jessica
  1820 | D:2      | Learned a level 3 spell: Regeneration
  2732 | D:3      | Found a glowing golden altar of the Shining One.
  2757 | D:3      | HP: 2/47 [worm (9)]
  2759 | D:3      | Gained mutation: You are partially covered in icy blue scales. (AC +2) [potion of mutation]
  2759 | D:3      | Gained mutation: Your muscles are strong. (Str +2) [potion of mutation]
  2762 | D:3      | HP: 3/70 [poisoned by an adder]
  2779 | D:3      | HP: 3/70 [poisoned by an adder]
  2783 | D:3      | HP: 1/47 [poisoned by an adder]
  3349 | D:3      | Reached XP level 7. HP: 26/52 MP: 9/11
  3905 | D:3      | Found a snail-covered altar of Cheibriados.
  3927 | D:3      | Became a worshipper of Cheibriados the Contemplative
  3979 | D:3      | HP: 2/52 [orc wizard/magic dart (8)]
  3980 | D:3      | Reached skill level 1 in Necromancy
  4566 | D:4      | Reached * piety under Cheibriados
  4882 | D:4      | Found a blossoming altar of Fedhas.
  5160 | D:4      | Slain by an ogre

Skill      XL: |  1  2  3  4  5  6  7 |
---------------+----------------------+-----
Dodging        | 2 |  2.7
Armour         | 2 3 |  3.4
Hexes          | 1 2 |  2.6
Fighting       | 3 |  3.8
Long Blades    | 3 4 |  4.1
Spellcasting   | 3 |  3.5
Necromancy     | 1 |  1.9
Charms         | 4 |  4.0
Stealth        | |  0.9

Action                   |  1- 3 |  4- 6 |  7- 9 || total
-------------------------+-------+-------+-------++-------
Melee: Falchion          |   106 |   149 |   132 ||   387
 Cast: Spectral Weapon   |     1 |     3 |     4 ||     8
       Regeneration      |       |     1 |       ||     1
  Use: Potion            |       |     3 |       ||     3
 Stab: Distracted        |       |       |     1 ||     1
  Eat: Chunk             |       |     9 |     5 ||    14
Armor: Leather armour    |    61 |    43 |    25 ||   129
       Skin              |       |    14 |       ||    14
       Ring mail         |       |       |    27 ||    27
Dodge: Dodged            |   120 |   133 |   100 ||   353
       Rpst.: Falchion   |    37 |    37 |    29 ||   103
